 Dungeon Crawl Stone Soup version 0.30-a0-1035-g38d5fb2972 (webtiles) character file.

Game seed: 6859396502434186705

632 cheesebisquit the Ruffian (level 7, 66/66 HPs)
             Began as a Troll Transmuter on Apr 8, 2023.
             Quit the game on level 4 of the Dungeon.
             The game lasted 00:13:50 (3006 turns).

cheesebisquit the Ruffian (Troll Transmuter)        Turns: 3006, Time: 00:13:51

Health: 66/66      AC:  5    Str: 27    XL:     7   Next: 24%
Magic:  8/9        EV: 10    Int: 11    God:
Gold:   270        SH:  0    Dex: 10    Spells: 5/11 levels left

rFire   . . .      SeeInvis .      - Unarmed
rCold   . . .      Faith    .    (no shield)
rNeg    . . .      Spirit   .    a - +0 robe
rPois   .          Reflect  .    (helmet currently unavailable)
rElec   .          Rampage  .    c - +0 cloak
rCorr   .                        (gloves unavailable)
Will    .....                    (boots unavailable)
Stlth   +                        l - amulet of the acrobat
HPRegen 1.11/turn                q - ring "Hejuic" {Fly Str+8}
MPRegen 0.11/turn                (no ring)

@: appendages, flying
A: horns 2, talons 2, large, unfitting armour, claws 3, regeneration 1, shaggy
fur 1, tough skin 1
a: End Transformation


You were on level 4 of the Dungeon.
You had temporarily grown beastly horns and talons.
You visited 1 branch of the dungeon, and saw 4 of its levels.

You collected 270 gold pieces.

Inventory:

Hand Weapons
 s - a +0 sling
Missiles
 h - 6 poisoned darts
 p - 4 curare-tipped darts
Armour
 a - a +0 robe (worn)
 c - a +0 cloak (worn)
Jewellery
 l - an amulet of the acrobat (around neck)
 q - the ring "Hejuic" (left claw) {Fly Str+8}
   (You found it on level 3 of the Dungeon)

   [ring of flight]

   Str:       It affects your strength (+8).
   Fly:       It grants you flight.
 r - a ring of willpower
Scrolls
 e - a scroll of blinking
 f - 3 scrolls of identify
 j - a scroll of enchant weapon {unknown}
 n - a scroll of immolation
 o - a scroll of vulnerability {unknown}
 t - a scroll of magic mapping {unknown}
Potions
 b - a potion of lignification
 d - 3 potions of mutation
 g - a potion of heal wounds {unknown}
 i - 2 potions of degeneration {unknown}
 k - 2 potions of curing
 m - a potion of brilliance {unknown}
 u - 2 potions of magic {unknown}


   Skills:
 + Level 2.9 Fighting
 + Level 3.1 Dodging
 + Level 4.5 Unarmed Combat
 + Level 2.5 Spellcasting
 + Level 3.0 Transmutations


You had 5 spell levels left.
You knew the following spells:

 Your Spells              Type           Power      Damage    Failure   Level
a - Beastly Appendage     Tmut           16%        N/A       9%          1
b - Wereblood             Tmut           8%         N/A       12%         2
c - Spider Form           Tmut/Pois      4%         N/A       41%         3

Your spell library contained the following spells:

 Spells                   Type           Power      Damage    Failure   Level
 Freeze                   Ice            4%         1d3       28%         1
 Lesser Beckoning         Tloc           2%         N/A       38%         2
 Sublimation of Blood     Necr           1%         N/A       38%         2
 Frozen Ramparts          Ice            2%         1d1       63%         3
 Gell's Gravitas          Tloc           1%         N/A       63%         3
 Hailstorm                Conj/Ice       1%         3d3       63%         3
 Ozocubu's Armour         Ice            1%         N/A       63%         3
 Teleport Other           Tloc           1%         N/A       63%         3
 Ice Form                 Ice/Tmut       4%         N/A       83%         4
 Petrify                  Tmut/Erth      4%         N/A       83%         4
 Anguish                  Hex/Necr       0%         N/A       95%         4
 Irradiate                Conj/Tmut      2%         3d12      99%         5
 Fireball                 Conj/Fire      0%         3d3       100%        5
 Iskenderun's Battlesphe  Conj           1%         2d6       100%        5
 Conjure Ball Lightning   Conj/Air       0%         3x3d6     100%        6
 Enfeeble                 Hex            0%         N/A       100%        7
 Orb of Destruction       Conj           0%         9d5       100%        7
 Ozocubu's Refrigeration  Ice            0%         4d7       100%        7


Dungeon Overview and Level Annotations

Branches:
Dungeon (4/15)
 Temple: D:4-7

Altars:
Dithmenos


Innate Abilities, Weirdness & Mutations

You have temporarily grown beastly horns and talons.
You are too large for most types of armour.
You have claws for hands.
Your natural rate of healing is unusually fast.
You are covered in fur. (AC +1)
You have tough skin. (AC +1)


Message History

The black bear claws you but does no damage.
The black bear barely misses you.
You claw the black bear!
You kill the black bear!
Your Dodging skill increases to level 3!
You have reached level 7!
Your transformation is almost over.
Your horns disappear.
Your talons disappear.
You see here a black bear corpse.
i - 2 yellow potions (gained 1)
You grow a pair of large bovine horns.
Your feet morph into talons.
You barely miss the black bear.
You claw the black bear, but do no damage.
The black bear bites you but does no damage.
The black bear claws you but does no damage.
The black bear closely misses you.
You claw the black bear! Your kick misses the black bear.
The black bear is severely wounded.
The black bear barely misses you. x2; The black bear claws you.
You scratch the black bear. You claw the black bear.
You headbutt the black bear.
You kill the black bear!
Your Transmutations skill increases to level 3!
Your transformation is almost over.
You see here a black bear corpse.
Your horns disappear.
Your talons disappear.
There is a stone staircase leading up here.
Found a stone staircase leading down.
Okay, then.
There is an open door here.
There is an open door here.
There is an open door here.
A giant cockroach comes into view.
Found a shadowy altar of Dithmenos.
The giant cockroach closely misses you.
You grow a pair of large bovine horns.
Your feet morph into talons.
The giant cockroach bites you but does no damage.
You claw the giant cockroach!
You kill the giant cockroach!
Are you sure you want to abandon this character and quit the game? (Confirm with "yes".)

#.........###...'#### ##........>
.........##.......## ##..#.......
#..#....##...♣♣♣...###...###.....
...#...###..♣♣.♣♣..##....##......
........#...♣...♣...#.....#......
#>......# ♣♣...♣♣..#...........#
####....# ♣.._..♣..####........#
##......#..♣.....♣..# ##.......#
.#......##.....†@..#####.........
...##....###.....###.#...........
...........#######.........).....
.........#.<.##.................#
.........#......##.............##
..##....##.#....###............##
#.....#..###.#....#.............#
#........###.##..................
#.....##........#.#####..........


There were no monsters in sight!

Vanquished Creatures
  3 black bears (D:4)
  An ogre (D:4)
  2 orc priests (D:4)
  An iguana (D:4)
  2 orc wizards (D:4)
  7 adders
  3 dart slugs
  9 orcs (D:4)
  10 endoplasms
  2 giant cockroaches
  2 goblins (D:2)
  4 hobgoblins
  2 quokkas (D:1)
  9 ball pythons
  A bat (D:1)
  4 frilled lizards
  8 kobolds
  4 rats
74 creatures vanquished.

Notes
Turn   | Place    | Note
-------+----------+-------------------------------------------
     0 | D:1      | cheesebisquit the Troll Transmuter began the quest for the
                  | Orb.
     0 | D:1      | Reached XP level 1. HP: 18/18 MP: 1/1
   137 | D:1      | Reached skill level 1 in Fighting
   270 | D:1      | Reached XP level 2. HP: 27/27 MP: 0/3
   950 | D:2      | Learned a level 2 spell: Wereblood
  1031 | D:2      | Reached XP level 3. HP: 33/33 MP: 1/4
  1635 | D:2      | Reached XP level 4. HP: 41/41 MP: 3/5
  1690 | D:2      | Learned a level 3 spell: Spider Form
  2016 | D:3      | Identified the ring "Hejuic" {Fly Str+8}
  2163 | D:3      | Found a faded altar of an unknown god.
  2260 | D:4      | Noticed a black bear
  2311 | D:4      | Reached XP level 5. HP: 20/49 MP: 6/6
  2385 | D:4      | Noticed an ogre
  2455 | D:4      | Noticed a black bear
  2505 | D:4      | Killed an ogre
  2573 | D:4      | Killed a black bear
  2574 | D:4      | Reached skill level 4 in Unarmed Combat
  2574 | D:4      | Reached XP level 6. HP: 54/58 MP: 6/8
  2785 | D:4      | Reached XP level 7. HP: 63/66 MP: 7/9
  3002 | D:4      | Found a shadowy altar of Dithmenos.
  3006 | D:4      | Quit the game

Illustrated notes

Levels and vault maps discovered:
D:1:      lemuel_arrival_broad_hall, layout_basic
D:2:      layout_rooms, minmay_box_of_dots
D:3:      layout_rooms, dreamdust_ecumenical_altar_angels_and_demons
D:4:      layout_cave_pools, mainiacjoe_overflow_two_lobes

Skill      XL: |  1  2  3  4  5  6  7 |
---------------+----------------------+-----
Fighting       | 1 2 |  2.9
Dodging        | 2 3 |  3.1
Transmutations | 2 3 |  3.0
Spellcasting   | 2 |  2.5
Unarmed Combat | 4 |  4.5

Action                     |  1- 3 |  4- 6 |  7- 9 || total
---------------------------+-------+-------+-------++-------
  Melee: Unarmed           |    82 |    75 |     4 ||   161
         Kick              |    11 |    16 |     2 ||    29
         Headbutt          |     5 |     6 |     1 ||    12
         Punch             |     1 |     1 |       ||     2
  Throw: Dart              |       |     4 |       ||     4
         Throwing net      |       |     1 |       ||     1
   Cast: Beastly Appendage |    30 |    20 |     2 ||    52
    Use: Scroll            |       |     4 |       ||     4
 Armour: Robe              |    43 |    28 |     3 ||    74
  Dodge: Dodged            |    38 |    46 |     4 ||    88

Table legend: (Time is in decaauts)
 A = Elapsed time spent in this place.
 B = Non-inter-level travel time spent in this place.
 C = Inter-level travel time spent in this place.
 D = Time resting spent in this place.
 E = Time spent auto-exploring this place.
 F = Levels seen in this place.
 G = Mean time per level.
                   A        B        C        D        E       F      G
               +--------+--------+--------+--------+--------+-----+--------+
         Total |   2998 |   2847 |    151 |      0 |   2243 |   4 |  749.5 |
       Dungeon |   2998 |   2847 |    151 |      0 |   2243 |   4 |  749.5 |
               +--------+--------+--------+--------+--------+-----+--------+

Top non-repeatable levels by time:
     D:1: 916 daAuts
     D:2: 793 daAuts
     D:4: 685 daAuts
     D:3: 603 daAuts
